 Dungeon Crawl Stone Soup version 0.19-a0-2242-gc784e87 (webtiles) character file.

25 Firebatgyro the Ruffian (level 2, 0/22 HPs)
             Began as a Demonspawn Gladiator on Feb 28, 2017.
             Slain by Sigmund
             ... wielding a +0 scythe
              (4 damage)
             ... on level 2 of the Dungeon.
             The game lasted 00:01:06 (763 turns).

Firebatgyro the Ruffian (Demonspawn Gladiator)       Turns: 763, Time: 00:01:06

Health: 0/22       AC:  6 (14%)Str: 15  XL:     2   Next: 86%
Magic:  2/2        EV: 12    Int:  9    God:
Gold:   18         SH:  0    Dex: 13    Spells: 1/1 levels left

rFire    . . .     SeeInvis .     - Unarmed
rCold    . . .     Faith    .   a - +0 leather armour
rNeg     . . .     Spirit   .   (no shield)
rPois    .         Reflect  .   b - +0 helmet
rElec    .                      (no cloak)
rCorr    .                      (no gloves)
MR       .....                  (no boots)
Stlth    +.........             (no amulet)
Regen    0.1/turn               (no ring)
MPRegen  0.2/turn               (no ring)

@: confused, slowed, very slow
A: thin metallic scales 1
a: no special abilities


You were on level 2 of the Dungeon.
You were not hungry.

You visited 1 branch of the dungeon, and saw 2 of its levels.

You collected 18 gold pieces.

Inventory:

Armour
 a - a +0 leather armour (worn)
 b - a +0 helmet (worn)
Scrolls
 d - 3 scrolls of teleportation
 e - a scroll of fog
Potions
 c - a potion of brilliance


   Skills:
 + Level 2.2 Fighting
 - Level 1.7 Throwing
 - Level 2.6 Dodging
 - Level 3.6 Unarmed Combat


You had one spell level left.
You didn't know any spells.

Dungeon Overview and Level Annotations

Branches:
Dungeon (2/15)
   Lair: D:-1         Crypt: Vaults:-1     Tomb: Vaults:-1

Altars:
Sif Muna
Uskayaw

Annotations:
D:2 Sigmund


Innate Abilities, Weirdness & Mutations

You are partially covered in thin metallic scales. (AC +2)


Message History

You resist with significant effort.
It is a wand of slowing (9).
Sigmund zaps a wand.
You feel yourself slow down.
You feel less confused.
Sigmund zaps a wand.
You resist with significant effort.
Sigmund zaps a wand.
You resist with significant effort. Sigmund gestures at you while chanting.
The magic dart hits you!
That hurt (4)!
Sigmund says, "Don't worry, I'll kill you fast."
Sigmund mumbles some strange words.
Sigmund flickers and vanishes!
Deactivating autopickup; reactivate with Ctrl-A.
You hear some strange, mumbled words.
You are confused.
You're too confused to move!
Something hits you (5).
You bump into the rock wall.
A magic dart appears from out of thin air!
The magic dart hits you!
That hurt (5)!
* * * LOW HITPOINT WARNING * * *
You bump into the rock wall.
Something hits you (4).
You die...

#.########.#..##
...............##
..#†....##..#.#.##
..#.###........<.#
(.#.# ####..#.#..#
.##.# ##.#...#.# #
#.# #..##.##.#
#.#####†###.##.#
#.##.....##.##@#
#.##.#.#.##.##.#
#.##.._..##.##.#
..####.####.##.##
### #†.# #.##..#
#######.# #.###.#
........###.# #.#
######......# #.#
######## #.#


There were no monsters in sight!

Vanquished Creatures
  An adder (D:2)
  A quokka (D:2)
  A bat (D:1)
  A giant cockroach (D:1)
  3 hobgoblins
  2 goblins (D:1)
  4 kobolds
  A rat (D:2)
14 creatures vanquished.

Notes
Turn   | Place    | Note
-------+----------+-------------------------------------------
     0 | D:1      | Firebatgyro the Demonspawn Gladiator began the quest for the Orb.
     0 | D:1      | Reached XP level 1. HP: 16/16 MP: 1/1
   109 | D:1      | Reached skill level 3 in Unarmed Combat
   303 | D:1      | Gained mutation: You are partially covered in thin metallic scales. (AC +2) [demonic ancestry]
   303 | D:1      | Reached XP level 2. HP: 17/22 MP: 2/2
   328 | D:2      | Found a deep blue altar of Sif Muna.
   693 | D:2      | Found a hide-covered altar of Uskayaw.
   741 | D:2      | Noticed Sigmund
   763 | D:2      | Slain by Sigmund

Vault maps used:
D:1:      dpeg_arrival_tiny_a, minmay_misc_feat_rugged, minmay_misc_feat_roman,
          minmay_circled_x
D:2:      lemuel_coloured_pillars_altar, lemuel_round_altar,
          lemuel_crystal_altar, serial_glass, glass_columns_c, glass_columns_b,
          minmay_split_cup_large, uniq_natasha, uniq_sigmund, uniq_terence

Skill      XL: |  1 |
---------------+----+-----
Unarmed Combat | 3 |  3.6
Fighting       | |  2.2
Throwing       | |  1.7
Dodging        | |  2.6

Action                   || total
-------------------------++-------
Melee: Unarmed           ||    68
 Stab: Sleeping          ||     1
Armor: Leather armour    ||    18
Dodge: Dodged            ||    38
